 Dungeon Crawl Stone Soup version 0.31.0-11-ge490571c62 (webtiles) character file.

Game seed: 7241072106186998345

32 Ruich the Sneak (level 3, 0/21 HPs)
             Began as an Octopode Earth Elementalist on Feb 5, 2024.
             Was a Believer of Jiyva.
             Slain by Terence
             ... wielding a +0 flail
              (6 damage)
             ... on level 2 of the Dungeon.
             The game lasted 00:03:56 (900 turns).

Ruich the Sneak (Octopode Earth Elementalist)        Turns: 900, Time: 00:03:56

Health: 0/21       AC:  1    Str:  7    XL:     3   Next: 25%
Magic:  6/6        EV: 13    Int: 17    God:    Jiyva [**....]
Gold:   51         SH:  0    Dex: 14    Spells: 5/6 levels left

rFire   . . .        f - +0 whip
rCold   . . .        (no shield)
rNeg    . . .        (helmet restricted)
rPois   .            (no amulet)
rElec   .            (no ring)
rCorr   +            (no ring)
SInv    .            (no ring)
Will    .....        (no ring)
Stlth   +++          (no ring)
HPRegen 1.19/turn    (no ring)
MPRegen 0.58/turn    (no ring)
                     (no ring)

%: no passive effects
@: no status effects
A: almost no armour, amphibious, 8 rings, camouflage 1, gelatinous body 1,
(nimble swimmer 1), tentacles
a: Renounce Religion


You were on level 2 of the Dungeon.
You worshipped Jiyva.
Jiyva was pleased with you.
You visited 1 branch of the dungeon, and saw 2 of its levels.

You collected 51 gold pieces.


Innate Abilities, Weirdness & Mutations

You cannot wear most types of armour.
You are amphibious.
You can wear up to eight rings at the same time.
Your skin changes colour to match your surroundings (Stealth+).
Your rubbery body absorbs attacks. (AC +1, EV +1)
((You are camouflaged when in or above water. (Stealth+)))
You have tentacles for arms and can constrict up to eight enemies at once.


   Skills:
 - Level 2.0 Dodging
 + Level 3.3 Stealth
 + Level 2.3 Spellcasting
 * Level 2.0 Conjurations
 + Level 3.2 Earth Magic


You had 5 spell levels left.
You knew the following spells:

 Your Spells              Type           Power      Damage    Failure   Level
z - Sandblast             Erth           26%        2d8       4%          1

Your spell library contained the following spells:

 Spells                   Type           Power      Damage    Failure   Level
 Passwall                 Erth           13%        N/A       14%         3
 Stone Arrow              Conj/Erth      22%        3d8       19%         3
 Brom's Barrelling Bould  Conj/Erth      11%        2d3       54%         4
 Petrify                  Alch/Erth      7%         N/A       67%         4

Inventory:

Hand Weapons
 f - a +0 whip (weapon)
Talismans
 h - a flux talisman
Scrolls
 c - 3 scrolls of enchant armour {unknown}
 d - a scroll of identify {unknown}
 i - a scroll of brand weapon {unknown}
Potions
 a - a potion of magic
 b - a potion of brilliance {unknown}
 e - 3 potions of might {unknown}
 g - 2 potions of ambrosia {unknown}

Dungeon Overview and Level Annotations

Branches:
Dungeon (2/15)

Altars:
Jiyva

Annotations:
D:2 Terence

..# #.# ..#
##.# .. >.#
.#..###.#####
.......<....#
#######.###.#
#@# #@# ..#
####


You could see Terence.


Message History

You hit Terence but do no damage. You grab Terence.
You constrict Terence, but do no damage.
Terence closely misses you.
You hit Terence but do no damage.
You constrict Terence, but do no damage.
Terence hits you with a +0 flail!
Unknown command.
Casting: Sandblast (safe; 4% risk of failure)
Confirm with . or Enter, or press ? or * to list all spells.
Aiming: Sandblast (safe; 4% risk of failure)
Press: ? - help, Shift-Dir - straight line, f - Terence
Aim: Terence, wielding a +0 flail and wearing a +0 ring mail (constricted by you, 100% to hit)
The blast of sand hits Terence.
Terence is lightly wounded.
You constrict Terence.
You hear a distant slurping noise.
Terence hits you with a +0 flail!
* * * LOW HITPOINT WARNING * * *
Casting: Sandblast (safe; 4% risk of failure)
Confirm with . or Enter, or press ? or * to list all spells.
Aiming: Sandblast (safe; 4% risk of failure)
Press: ? - help, Shift-Dir - straight line, f/p - Terence
Aim: Terence, wielding a +0 flail and wearing a +0 ring mail (lightly wounded, constricted by you, 100% to hit)
The blast of sand hits Terence!
Terence is heavily wounded.
You constrict Terence, but do no damage.
You hear a distant slurping noise.
Terence hits you with a +0 flail.
You die...
Terence says, "Rest in peace."

Skill      XL: |  1  2  3 |
---------------+----------+-----
Stealth        | 3 |  3.3
Conjurations   | 2 |  2.0
Dodging        | |  2.0
Spellcasting   | |  2.3
Earth Magic    | |  3.2

Action                     || total
---------------------------++-------
  Melee: Unarmed           ||     8
         Constrict         ||     6
         Whip              ||    11
         Tentacles         ||     2
   Cast: Sandblast         ||    37
   Stab: Sleeping          ||     1
 Armour: Skin              ||    28
  Dodge: Dodged            ||    32

Levels and vault maps discovered:
D:1:      onia_arrival_pyramid, layout_basic, hellmonk_ecumenical_altar_run_dry
D:2:      layout_loops_corners, uniq_terence, uniq_jessica,
          uniq_crazy_yiuf_cottage, uniq_sigmund

Notes
Turn   | Place    | Note
-------+----------+-------------------------------------------
     0 | D:1      | Ruich the Octopode Earth Elementalist began the quest for
                  | the Orb.
     0 | D:1      | Reached XP level 1. HP: 11/11 MP: 3/3
   243 | D:1      | Reached XP level 2. HP: 17/17 MP: 3/5
   273 | D:1      | Reached skill level 3 in Stealth
   309 | D:1      | Found a faded altar of an unknown god.
   328 | D:1      | Prayed at the altar of an unknown god.
   328 | D:1      | Became a worshipper of Jiyva Jiklawko the Shapeless
   328 | D:1      | Reached * piety under Jiyva
   536 | D:1      | Reached XP level 3. HP: 21/21 MP: 4/6
   663 | D:1      | Reached skill level 2 in Conjurations
   844 | D:1      | Reached ** piety under Jiyva
   894 | D:2      | Noticed Terence
   900 | D:2      | Slain by Terence

Vanquished Creatures
  2 dart slugs (D:1)
  7 bats (D:1)
  2 endoplasms (D:1)
  A giant cockroach (D:1)
  3 hobgoblins (D:1)
  3 jackals (D:1)
  A quokka (D:1)
  A ball python (D:1)
  2 frilled lizards (D:1)
  A goblin (D:1)
  3 rats (D:1)
26 creatures vanquished.

Vanquished Creatures (others)
  A rat (D:2)
1 creature vanquished.

Grand Total: 27 creatures vanquished

Table legend: (Time is in decaauts)
 A = Elapsed time spent in this place.
 B = Non-inter-level travel time spent in this place.
 C = Inter-level travel time spent in this place.
 D = Time resting spent in this place.
 E = Time spent auto-exploring this place.
 F = Levels seen in this place.
 G = Mean time per level.
                   A        B        C        D        E       F      G
               +--------+--------+--------+--------+--------+-----+--------+
         Total |    918 |    900 |     18 |     62 |    630 |   2 |  459.0 |
       Dungeon |    918 |    900 |     18 |     62 |    630 |   2 |  459.0 |
               +--------+--------+--------+--------+--------+-----+--------+

Top non-repeatable levels by time:
     D:1: 911 daAuts
     D:2: 6 daAuts

Table legend:
 A = Non-vault XP
 B = Vault XP
 C = Vault XP percentage of total XP
 D = Non-vault monster count
 E = Vault monster count
 F = Vault count percentage of total count
                 A         B        C        D         E       F
            +---------+---------+-------+---------+---------+-------
      Total |      46 |       0 |   0.0 |      26 |       0 |   0.0
            +---------+---------+-------+---------+---------+-------
        D:1 |      46 |       0 |   0.0 |      26 |       0 |   0.0
            +---------+---------+-------+---------+---------+-------
